AoeStats
← Zephyr.H

Arabia

510307681Analyzed
1v1 RM · 1d ago on Sep 30, 2026· 43m 21s· 2 players
Game mode
Random Map
Map size
Tiny (2 player)
Population
200
Speed
Normal
Resources
Standard
Victory
Conquest
Starting age
Dark Age
Ending age
Imperial Age
RankedLock teamsTeams togetherTeam positionsShared explorationLock speedFull tech treeHidden civsTurbo modeCheats
Victory
Defeat
🇳🇴 Varangians · Norway
702
+15
🇨🇳 Spanish · China
673
-15
Zephyr.H
0:30 Loom
12:22 Feudal Age
22:55 Castle Age
21:57 Double-Bit Axe
24:00 Pikeman
26:25 Stone Mining
32:48 Wheelbarrow
41:07 Imperial Age
39:50 Gold Mining
40:08 Horse Collar
41:20 Fletching
41:31 Padded Archer Armor
41:37 Scale Barding Armor
42:01 Scale Mail Armor
42:15 Halberdier
DozerTo
8:32 Loom
10:50 Feudal Age
14:04 Bloodlines
22:28 Castle Age
21:13 Horse Collar
21:22 Double-Bit Axe
21:02 Man-at-Arms
30:47 Forging
30:44 Scale Barding Armor
31:30 Heavy Plow
32:18 Bow Saw
33:25 Fletching
35:42 Husbandry
35:45 Scale Mail Armor
35:10 Vendel Legacy
36:52 Wheelbarrow
40:39 Imperial Age
38:01 Light Cavalry
38:57 Gambesons
38:33 Pikeman
39:42 Arson
41:27 Chain Barding Armor
42:25 Cavalier
42:30 Heavy Scorpion
Connection lost

Rejoining the realm…

Still unreachable

The connection could not be restored.

Session expired

The server has moved on; the page needs a fresh start.